 Dungeon Crawl Stone Soup version 0.26-a0-540-g8a0c9464d7 (webtiles) character file.

Game seed: 5339496170286062422

357 Lanoc the Poker (level 6, -1/49 HPs)
             Began as a Merfolk Monk on Aug 22, 2020.
             Was an Elder of Zin.
             Killed from afar by an orc wizard (9 damage)
             ... with a puff of flame
             ... on level 5 of the Dungeon.
             The game lasted 00:03:54 (3387 turns).

Lanoc the Poker (Merfolk Monk)                      Turns: 3387, Time: 00:03:54

Health: -1/49      AC:  2    Str: 12    XL:     6   Next: 64%
Magic:  7/7        EV: 32    Int: 10    God:    Zin [****..]
Gold:   223        SH:  0    Dex: 23    Spells: 5/5 levels left

rFire    . . .     SeeInvis .   a - +0 spear
rCold    . . .     Faith    .   (no shield)
rNeg     . . .     Spirit   .   b - +0 robe
rPois    .         Reflect  .   (no helmet)
rElec    .         Harm     .   m - scarf {shadows}
rCorr    .                      (no gloves)
MR       ++...                  (no boots)
Stlth    +++.......             h - amulet of the acrobat
HPRegen  0.16/turn              f - +6 ring of dexterity
MPRegen  0.10/turn              (no ring)

@: acrobat
A: change form in water, swift swim, stealthy swim, magic resistance 2
a: Recite, Vitalisation, Imprison, Donate Gold, Renounce Religion


You were on level 5 of the Dungeon.
You worshipped Zin.
Zin was greatly pleased with you.
You visited 1 branch of the dungeon, and saw 5 of its levels.

You collected 247 gold pieces.
You donated 24 gold pieces to Zin.

Inventory:

Hand Weapons
 a - a +0 spear (weapon)
Armour
 b - a +0 robe (worn)
 m - a scarf of shadows (worn)
Jewellery
 f - a +6 ring of dexterity (left hand)
 h - an amulet of the acrobat (around neck)
Scrolls
 c - 5 scrolls of identify {unknown}
 e - 4 scrolls of remove curse {unknown}
 g - 2 scrolls of amnesia {unknown}
 j - a scroll of teleportation {unknown}
Potions
 d - a potion of stabbing
 i - 3 potions of curing
 k - 2 potions of degeneration {unknown}
 l - 2 potions of lignification {unknown}


   Skills:
 + Level 4.6 Fighting
 * Level 7.6 Polearms
 + Level 5.6 Dodging
 - Level 2.1 Stealth
 + Level 2.3 Invocations


You had 5 spell levels left.
You didn't know any spells.
Your spell library was empty.

Dungeon Overview and Level Annotations

Branches:
Dungeon (5/15)
 Temple: D:4-7

Altars:
Sif Muna
Zin


Innate Abilities, Weirdness & Mutations

You revert to your normal form in water.
You are very nimble and swift while swimming.
You are very stealthy in the water. (Stealth+)
You are highly resistant to hostile enchantments. (MR++)


Message History

The leopard gecko misses you.
You closely miss the leopard gecko.
The leopard gecko is moderately wounded.
The leopard gecko bites you. The orc misses you.
You hit the leopard gecko.
You kill the leopard gecko!
The orc closely misses you.
You hit the orc.
The orc is severely wounded.
The orc misses you.
You hit the orc.
You kill the orc!
The orc hits you with a +0 whip.
The orc wizard gestures at you while chanting.
The puff of flame hits you!
* * * LOW HITPOINT WARNING * * *
You see here a leopard gecko corpse.
The orc wizard points at you and mumbles some strange words.
The puff of flame hits you!
You die...

#.# #.....# # #.# ..
#.....#.# #. #.# ..##..)..#.#
#.####.### ........... ###..
..... ........# .
+...####o####..##.....#..
#......o.o).....Z{†.... #
#...##@####......<.....
#######...........(##.#...#..
..........##<###### #..o.....
#.................. ....o.#..
##.##.##..##+#########.oo##..
... #..... #o..# . #.###
#...... #...# # #......#
#......#


You could see an orc wizard (blind) and 2 orcs.

Vanquished Creatures
  A phantom (D:4)
  An orc priest (D:4)
  2 orc wizards
  Jessica (D:3)
  2 worker ants
  2 adders
  4 gnolls (D:4)
  A worm (D:3)
  A dart slug (D:1)
  2 leopard geckos
  10 orcs
  4 giant cockroaches
  3 jackals (D:3)
  A quokka (D:4)
  2 bats
  A frilled lizard (D:4)
  6 goblins
  2 kobolds
  A rat (D:1)
47 creatures vanquished.

Notes
Turn   | Place    | Note
-------+----------+-------------------------------------------
     0 | D:1      | Lanoc the Merfolk Monk began the quest for the Orb.
     0 | D:1      | Reached XP level 1. HP: 18/18 MP: 1/1
    37 | D:1      | Reached XP level 2. HP: 2/24 MP: 2/2
   449 | D:2      | Reached skill level 5 in Polearms
   548 | D:3      | Reached XP level 3. HP: 29/29 MP: 3/3
   627 | D:3      | Noticed Jessica
   639 | D:3      | Killed Jessica
   642 | D:3      | Found a shimmering blue altar of Sif Muna.
   689 | D:3      | Found a glowing silver altar of Zin.
   717 | D:3      | Became a worshipper of Zin the Law-Giver
   717 | D:3      | Reached * piety under Zin
   717 | D:3      | Reached ** piety under Zin
   726 | D:3      | Reached XP level 4. HP: 28/37 MP: 4/4
  1622 | D:4      | Reached skill level 6 in Polearms
  1759 | D:4      | Reached *** piety under Zin
  1825 | D:4      | Reached skill level 5 in Dodging
  1825 | D:4      | Reached skill level 1 in Invocations
  1825 | D:4      | Reached XP level 5. HP: 26/42 MP: 5/5
  2284 | D:3      | Gained mutation: You are resistant to hostile enchantments.
                  | (MR+) [potion of mutation]
  2284 | D:3      | Gained mutation: You are highly resistant to hostile
                  | enchantments. (MR++) [potion of mutation]
  2531 | D:4      | Noticed a phantom
  2573 | D:4      | Killed a phantom
  2573 | D:4      | Reached skill level 7 in Polearms
  2573 | D:4      | Reached XP level 6. HP: 17/49 MP: 7/7
  3161 | D:4      | Reached **** piety under Zin
  3293 | D:5      | Entered Level 5 of the Dungeon
  3387 | D:5      | Killed from afar by an orc wizard

Illustrated notes

Levels and vault maps discovered:
D:1:      dpeg_arrival_rooms_with_view, layout_basic, corexii_leaking_fountain,
          minmay_tromino_v7
D:2:      layout_basic, lemuel_round_altar
D:3:      layout_basic, lemuel_round_altar, tgw_sif, serial_co_window_serial,
          co_window_paths_a, co_window_paths_a, co_window_corner_a,
          co_window_of_opportunity_a, co_window_corner_a, co_window_corner_a,
          co_window_corner_b, co_window_broadway_c, glass_columns_b,
          glass_columns_a, glass_columns_a
D:4:      layout_basic, chequers_jeans, kennysheep_generic_room_7
D:5:      layout_basic, kennysheep_mini, lemuel_doored_altar, st_stairs_13

Skill      XL: |  1  2  3  4  5 |
---------------+----------------+-----
Polearms       | 5 6 7 |  7.6
Fighting       | 4 |  4.6
Dodging        | 5 |  5.6
Invocations    | 1 2 |  2.3
Stealth        | |  2.1

Action                   |  1- 3 |  4- 6 || total
-------------------------+-------+-------++-------
Melee: Spear             |    76 |   184 ||   260
Invok: Recite            |       |     7 ||     7
  Use: Potion            |       |     3 ||     3
 Stab: Sleeping          |     3 |     9 ||    12
       Confused          |       |     4 ||     4
Armor: Robe              |     7 |     2 ||     9
Dodge: Dodged            |    42 |    73 ||   115

Table legend: (Time is in decaauts)
 A = Elapsed time spent in this place.
 B = Non-inter-level travel time spent in this place.
 C = Inter-level travel time spent in this place.
 D = Time resting spent in this place.
 E = Time spent auto-exploring this place.
 F = Levels seen in this place.
 G = Mean time per level.
                   A        B        C        D        E       F      G
               +--------+--------+--------+--------+--------+-----+--------+
         Total |   3329 |   3218 |    111 |    250 |   2589 |   5 |  665.8 |
       Dungeon |   3329 |   3218 |    111 |    250 |   2589 |   5 |  665.8 |
               +--------+--------+--------+--------+--------+-----+--------+

Top non-repeatable levels by time:
     D:4: 1479 daAuts
     D:3: 1271 daAuts
     D:1: 440 daAuts
     D:2: 97 daAuts
     D:5: 42 daAuts
